[Event "VI Sunway Sitges Open 2019"]
[Site "Sitges"]
[Date "2019.12.16"]
[Round "4.42"]
[White "Saduakassova, Dinara"]
[Black "Krastev, Alexander"]
[Result "1-0"]
[ECO "B31"]
[WhiteElo "2505"]
[BlackElo "2323"]
[Annotator "ChessBase"]
[PlyCount "63"]
[EventDate "2019.12.13"]
[EventType "swiss"]
[EventCountry "ESP"]
[SourceTitle "playchess.com"]
[Source "ChessBase"]
[SourceQuality "1"]
[TimeControl "40/5400+30:1800+30"]

1. e4 c5 2. Nf3 Nc6 3. Bb5 g6 4. Bxc6 bxc6 5. O-O Bg7 6. Re1 Nh6 7. Nc3 O-O 8. h3 d6 9. e5 Nf5 10. d3 Rb8 11. Ne4 dxe5 12. Nxc5 Qc7 13. Qe2 Rb5 14. Nb3 Rd8 15. c4 Rb8 16. Bd2 Qd6 17. Rad1 c5 18. Ba5 Re8 19. Nxe5 Rxb3 20. axb3 Nd4 21. Qe4 Nc2 22. Qc6 Qxc6 23. Nxc6 Nxe1 24. Rxe1 Kf8 25. b4 Bf5 26. bxc5 Bxd3 27. b3 a6 28. Nb4 Bf5 29. Nd5 Bc2 30. c6 Bxb3 31. c7 Bc2 32. Nxe7 1-0

[Event "VI Sunway Sitges Open 2019"]
[Site "Sitges"]
[Date "2019.12.16"]
[Round "4.43"]
[White "Divya Deshmukh"]
[Black "Sadzikowski, Daniel"]
[Result "1/2-1/2"]
[ECO "C03"]
[WhiteElo "2332"]
[BlackElo "2504"]
[Annotator "ChessBase"]
[PlyCount "83"]
[EventDate "2019.12.13"]
[EventType "swiss"]
[EventCountry "ESP"]
[SourceTitle "playchess.com"]
[Source "ChessBase"]
[SourceQuality "1"]
[TimeControl "40/5400+30:1800+30"]

1. e4 e6 2. d4 d5 3. Nd2 Be7 4. Bd3 c5 5. dxc5 Nf6 6. Ngf3 dxe4 7. Bxe4 Na6 8. c6 Nxe4 9. Nxe4 Qxd1+ 10. Kxd1 O-O 11. Be3 Nb4 12. c7 Nd5 13. Ke2 b6 14. Rhd1 Ba6+ 15. Ke1 Rfc8 16. Nd4 Nxe3 17. fxe3 Rxc7 18. Rd2 Rac8 19. g3 g6 20. c3 Bb7 21. Nf2 a6 22. Ke2 Rd8 23. Rad1 Rcd7 24. Ng4 Rd5 25. e4 Rg5 26. Nf2 Re8 27. Nf3 Rb5 28. b4 Rh5 29. g4 Rh6 30. Rd7 Bc6 31. Rc7 Ba4 32. Rd2 g5 33. e5 f5 34. exf6 Rxf6 35. Ne4 Rf4 36. Ke3 Rxg4 37. h3 Rf4 38. Nfxg5 Rf5 39. Rg2 Kh8 40. Nxe6 Re5 41. Ng7 Rg8 42. Kd4 1/2-1/2

[Event "VI Sunway Sitges Open 2019"]
[Site "Sitges"]
[Date "2019.12.16"]
[Round "4.44"]
[White "Davtyan, David Arm."]
[Black "Barseghyan, Harutyun"]
[Result "0-1"]
[ECO "E49"]
[WhiteElo "2327"]
[BlackElo "2498"]
[Annotator "ChessBase"]
[PlyCount "198"]
[EventDate "2019.12.13"]
[EventType "swiss"]
[EventCountry "ESP"]
[SourceTitle "playchess.com"]
[Source "ChessBase"]
[SourceQuality "1"]
[TimeControl "40/5400+30:1800+30"]

1. c4 Nf6 2. Nc3 e6 3. d4 Bb4 4. e3 b6 5. Bd3 Bb7 6. f3 c5 7. a3 Bxc3+ 8. bxc3 d5 9. cxd5 exd5 10. Ne2 O-O 11. O-O Re8 12. Ng3 Nc6 13. Ra2 Rc8 14. Raf2 Rc7 15. Re1 cxd4 16. cxd4 Na5 17. e4 dxe4 18. fxe4 Rxc1 19. Qxc1 Ng4 20. Qf4 Nxf2 21. Qxf2 Rf8 22. d5 Qd6 23. Nf5 Qe5 24. Nd4 Rc8 25. Rf1 f6 26. Nf3 Qc3 27. Qe2 Nb3 28. e5 Nc1 29. Bxh7+ Kxh7 30. Qe4+ Kg8 31. exf6 Qxf6 32. Ne5 Qe7 33. Kh1 Nd3 34. Qxd3 Qxe5 35. d6 Qe4 36. Qg3 Rc2 37. d7 Qxg2+ 38. Qxg2 Bxg2+ 39. Kg1 Rd2 40. Rf2 Rxd7 41. Kxg2 Rd3 42. a4 Rd4 43. a5 b5 44. a6 b4 45. Rb2 Kh7 46. Rb3 Kh6 47. Rh3+ Kg5 48. Re3 Kf6 49. Rf3+ Kg6 50. Rg3+ Kf5 51. Rf3+ Ke6 52. Rg3 Kf7 53. Rf3+ Kg8 54. Re3 Rd2+ 55. Kg1 Kf7 56. Rf3+ Ke6 57. Rb3 Rd4 58. Rg3 Kf5 59. Rf3+ Kg6 60. Rg3+ Kh7 61. Rh3+ Kg8 62. Re3 Kf7 63. Rf3+ Kg8 64. Re3 Rd6 65. Re8+ Kh7 66. Rb8 Rxa6 67. Rxb4 Ra2 68. Rg4 Kh6 69. Rc4 Kh5 70. Rc6 g5 71. Rc4 a5 72. Rd4 a4 73. Rb4 a3 74. Ra4 g4 75. Ra5+ Kg6 76. Ra8 Kf5 77. Rf8+ Ke4 78. Re8+ Kf3 79. Rf8+ Ke3 80. Re8+ Kf3 81. Rf8+ Ke3 82. Re8+ Kd3 83. Rd8+ Kc3 84. Rc8+ Kd3 85. Rd8+ Kc3 86. Rc8+ Kb2 87. Rb8+ Kc2 88. Rc8+ Kb1 89. Ra8 Ra1 90. Kf2 Kb2 91. Rb8+ Kc3 92. Ra8 Kb3 93. Rb8+ Ka2 94. Rb4 Rb1 95. Rxg4 Kb3 96. Rg8 a2 97. Rb8+ Kc3 98. Rc8+ Kd3 99. Rd8+ Ke4 0-1

[Event "VI Sunway Sitges Open 2019"]
[Site "Sitges"]
[Date "2019.12.16"]
[Round "4.45"]
[White "Iniyan, P."]
[Black "Risting, Eivind Olav"]
[Result "1/2-1/2"]
[ECO "D27"]
[WhiteElo "2497"]
[BlackElo "2307"]
[Annotator "ChessBase"]
[PlyCount "85"]
[EventDate "2019.12.13"]
[EventType "swiss"]
[EventCountry "ESP"]
[SourceTitle "playchess.com"]
[Source "ChessBase"]
[SourceQuality "1"]
[TimeControl "40/5400+30:1800+30"]

1. d4 d5 2. c4 e6 3. Nf3 a6 4. Nc3 dxc4 5. a4 Nf6 6. e3 c5 7. Bxc4 Nc6 8. O-O Be7 9. Qd3 O-O 10. Rd1 Qc7 11. Qe2 b6 12. d5 exd5 13. Nxd5 Nxd5 14. Bxd5 Bf6 15. Nd2 Bb7 16. Ne4 Be7 17. Bd2 Nd4 18. exd4 Bxd5 19. dxc5 Qe5 20. Re1 Bxc5 21. Bc3 Qxe4 22. Qxe4 Bxe4 23. Rxe4 Rfe8 24. Rae1 Rxe4 25. Rxe4 f6 26. Kf1 Kf7 27. Rc4 Rb8 28. b4 Bd6 29. Rc6 Ke7 30. b5 axb5 31. axb5 Bc5 32. Bd2 Kd7 33. Be3 Bxe3 34. fxe3 Re8 35. Rxb6 Kc7 36. Rc6+ Kb7 37. Rd6 Kc7 38. Rd3 Re5 39. b6+ Kxb6 40. Rd7 Rg5 41. h4 Rg4 42. Rd4 Rxd4 43. exd4 1/2-1/2

[Event "VI Sunway Sitges Open 2019"]
[Site "Sitges"]
[Date "2019.12.16"]
[Round "4.46"]
[White "Zanan, Evgeny"]
[Black "Unuk, Laura"]
[Result "1/2-1/2"]
[ECO "C78"]
[WhiteElo "2493"]
[BlackElo "2305"]
[Annotator "ChessBase"]
[PlyCount "138"]
[EventDate "2019.12.13"]
[EventType "swiss"]
[EventCountry "ESP"]
[SourceTitle "playchess.com"]
[Source "ChessBase"]
[SourceQuality "1"]
[TimeControl "40/5400+30:1800+30"]

1. e4 e5 2. Nf3 Nc6 3. Bb5 a6 4. Ba4 Nf6 5. O-O b5 6. Bb3 Bc5 7. a4 Rb8 8. c3 d6 9. d4 Bb6 10. a5 Ba7 11. h3 h6 12. Be3 Ra8 13. Re1 O-O 14. Qc1 Bb7 15. d5 Bxe3 16. Qxe3 Ne7 17. Ba2 g5 18. Nbd2 Ng6 19. Nh2 Kg7 20. b4 Nh5 21. Bb1 Nhf4 22. Bd3 Bc8 23. Bf1 h5 24. f3 f5 25. Rac1 g4 26. exf5 Bxf5 27. fxg4 hxg4 28. hxg4 Nxd5 29. Qg3 Be6 30. Ne4 Qe7 31. Nf3 Rf4 32. Nf2 Raf8 33. Bd3 Nf6 34. Nh2 Nh7 35. Bxg6 Kxg6 36. Nd3 R4f7 37. Nf3 Rf6 38. Nh4+ Kf7 39. g5 Nxg5 40. Qxg5 Ke8 41. Qh5+ Kd8 42. Rcd1 Qg7 43. Qe2 Bg4 44. Qe4 Bxd1 45. Rxd1 Qg3 46. Nxe5 Re8 47. Qa8+ Ke7 48. Nhg6+ Rxg6 49. Nxg6+ Qxg6 50. Re1+ Kd7 51. Qxe8+ Qxe8 52. Rxe8 Kxe8 53. Kf2 c6 54. Ke3 Ke7 55. g4 Ke6 56. Kf4 Kf6 57. g5+ Kg6 58. Kg4 c5 59. Kf4 c4 60. Kg4 d5 61. Kf4 d4 62. cxd4 c3 63. Ke3 Kxg5 64. Kd3 Kf5 65. Kc2 Kf4 66. Kb3 Kf5 67. Kxc3 Ke4 68. d5 Kxd5 69. Kd3 Ke5 {[%emt 0:00:15] Ke4+} 1/2-1/2

[Event "VI Sunway Sitges Open 2019"]
[Site "Sitges"]
[Date "2019.12.16"]
[Round "4.47"]
[White "Zadruzny, Nicolaj"]
[Black "Garriga Cazorla, Pere"]
[Result "1/2-1/2"]
[ECO "B51"]
[WhiteElo "2308"]
[BlackElo "2484"]
[Annotator "ChessBase"]
[PlyCount "82"]
[EventDate "2019.12.13"]
[EventType "swiss"]
[EventCountry "ESP"]
[SourceTitle "playchess.com"]
[Source "ChessBase"]
[SourceQuality "1"]
[TimeControl "40/5400+30:1800+30"]

1. e4 c5 2. Nf3 d6 3. Bb5+ Nd7 4. c3 Ngf6 5. Qe2 a6 6. Ba4 b5 7. Bc2 e6 8. O-O Be7 9. d4 Bb7 10. Re1 Qc7 11. a4 O-O 12. axb5 axb5 13. Rxa8 Rxa8 14. Na3 b4 15. Nb5 Qb6 16. e5 Ne8 17. dxc5 Qxc5 18. Be3 Qc6 19. exd6 Nxd6 20. Nbd4 Qc4 21. cxb4 Qxb4 22. Bd2 Qc4 23. Qe3 Nc5 24. Ne5 Qd5 25. f3 Bf6 26. Bc3 Nc4 27. Nxc4 Qxc4 28. Ne2 Bxc3 29. Qxc3 Qxc3 30. Nxc3 Kf8 31. Kf2 Ke7 32. f4 g6 33. g4 h6 34. h4 Nd7 35. Be4 Bxe4 36. Nxe4 Rb8 37. Re2 Nf6 38. Nxf6 Kxf6 39. g5+ hxg5 40. hxg5+ Ke7 41. Ke3 Rb4 1/2-1/2

[Event "VI Sunway Sitges Open 2019"]
[Site "Sitges"]
[Date "2019.12.16"]
[Round "4.48"]
[White "Larino Nieto, David"]
[Black "Gokhvat, Peter"]
[Result "1-0"]
[ECO "B25"]
[WhiteElo "2475"]
[BlackElo "2287"]
[Annotator "ChessBase"]
[PlyCount "65"]
[EventDate "2019.12.13"]
[EventType "swiss"]
[EventCountry "ESP"]
[SourceTitle "playchess.com"]
[Source "ChessBase"]
[SourceQuality "1"]
[TimeControl "40/5400+30:1800+30"]

1. e4 c5 2. Nc3 Nc6 3. g3 g6 4. Bg2 Bg7 5. d3 e6 6. Be3 d6 7. f4 Nge7 8. Nf3 Nd4 9. O-O f5 10. h4 e5 11. fxe5 dxe5 12. h5 f4 13. gxf4 Bg4 14. Nxd4 Bxd1 15. Ne6 Bxc2 16. Nxg7+ Kd7 17. Rac1 gxh5 18. fxe5 Rg8 19. Rf7 Rxg7 20. Rxg7 Qh8 21. Rxe7+ Kxe7 22. Nd5+ Kd7 23. Nf6+ Ke6 24. Rxc2 b6 25. d4 Qg7 26. Kh2 cxd4 27. Bxd4 Qb7 28. Bh3+ Kf7 29. e6+ Kf8 30. Rg2 Qc7+ 31. e5 Qc4 32. Rg8+ Ke7 33. Rg7+ 1-0

[Event "VI Sunway Sitges Open 2019"]
[Site "Sitges"]
[Date "2019.12.16"]
[Round "4.49"]
[White "Kjartansson, Gudmundur"]
[Black "Kochavi, Ori"]
[Result "1-0"]
[ECO "A16"]
[WhiteElo "2448"]
[BlackElo "2259"]
[Annotator "NA"]
[PlyCount "103"]
[EventDate "2019.12.13"]
[EventType "swiss"]
[EventCountry "ESP"]
[SourceTitle "playchess.com"]
[Source "ChessBase"]
[SourceQuality "1"]
[TimeControl "40/5400+30:1800+30"]

1. Nf3 Nf6 2. c4 g6 3. Nc3 d5 4. cxd5 Nxd5 5. h4 h6 6. e4 Nxc3 7. dxc3 Qxd1+ 8. Kxd1 Bg7 9. Bf4 c6 10. Kc2 Nd7 11. Nd2 O-O 12. f3 Ne5 13. Nc4 Nxc4 14. Bxc4 Kh7 15. a4 e5 16. Be3 f5 17. Bc5 Rd8 18. Rad1 Rxd1 19. Rxd1 Bf6 20. g3 Kg7 21. a5 a6 22. Kb3 g5 23. hxg5 Bxg5 24. Bd6 Bf6 25. Kb4 fxe4 26. fxe4 Bg4 27. Rf1 Rd8 28. Kc5 Rd7 29. Rf2 Kg6 30. Be2 Bxe2 31. Rxe2 Kf7 32. Rh2 Bg7 33. Rf2+ Ke6 34. Bf8 Bf6 35. Bxh6 Rh7 36. Be3 Bd8 37. b4 Rg7 38. Rd2 Be7+ 39. Kb6 Rxg3 40. Re2 Rg7 41. Ka7 Bd6 42. Bc5 Rg3 43. Rc2 Rg4 44. Bxd6 Kxd6 45. Kxb7 Rxe4 46. Rd2+ Ke6 47. Kxa6 Rc4 48. Rc2 e4 49. Kb6 e3 50. a6 Re4 51. a7 e2 52. Rxe2 1-0

[Event "VI Sunway Sitges Open 2019"]
[Site "Sitges"]
[Date "2019.12.16"]
[Round "4.50"]
[White "Gorshtein, Ido"]
[Black "Tanmay Chopra"]
[Result "1/2-1/2"]
[ECO "A33"]
[WhiteElo "2372"]
[BlackElo "2100"]
[Annotator "NA"]
[PlyCount "92"]
[EventDate "2019.12.13"]
[EventType "swiss"]
[EventCountry "ESP"]
[SourceTitle "playchess.com"]
[Source "ChessBase"]
[SourceQuality "1"]
[TimeControl "40/5400+30:1800+30"]

1. c4 c5 2. Nf3 Nc6 3. d4 cxd4 4. Nxd4 Nf6 5. Nc3 e6 6. a3 Bc5 7. Nb3 Be7 8. e4 d6 9. Be2 O-O 10. Nd4 d5 11. cxd5 exd5 12. Nxc6 bxc6 13. exd5 Nxd5 14. Nxd5 cxd5 15. O-O Bf6 16. Rb1 d4 17. Bd3 Qd5 18. b4 Bb7 19. Qg4 Rfe8 20. Bd2 h5 21. Qh3 Bc8 22. Qf3 Qxf3 23. gxf3 Bb7 24. Kg2 Re6 25. Rfe1 Rae8 26. Rxe6 Rxe6 27. Rc1 Rc6 28. Rxc6 Bxc6 29. b5 Bd5 30. a4 Be7 31. Be4 Bc4 32. f4 g6 33. Bc6 f5 34. f3 Kf7 35. a5 Bc5 36. Kf2 Ke7 37. Ke1 d3 38. Kd1 Kf7 39. a6 Bd4 40. Kc1 Kf6 41. h3 Kf7 42. Bb4 Be3+ 43. Kb2 d2 44. Bxd2 Bxd2 45. b6 Be3 46. b7 Bd2 1/2-1/2

[Event "VI Sunway Sitges Open 2019"]
[Site "Sitges"]
[Date "2019.12.16"]
[Round "4.51"]
[White "Gorshtein, Asaf"]
[Black "Pablo Mari, Alejandro"]
[Result "0-1"]
[ECO "B08"]
[WhiteElo "2105"]
[BlackElo "2356"]
[Annotator "NA"]
[PlyCount "98"]
[EventDate "2019.12.13"]
[EventType "swiss"]
[EventCountry "ESP"]
[SourceTitle "playchess.com"]
[Source "ChessBase"]
[SourceQuality "1"]
[TimeControl "40/5400+30:1800+30"]

1. e4 d6 2. d4 Nf6 3. Nc3 g6 4. Be3 Bg7 5. Nf3 c6 6. h3 O-O 7. Qd2 Qc7 8. Bh6 e5 9. Bxg7 Kxg7 10. O-O-O b5 11. dxe5 dxe5 12. g4 Re8 13. Qd6 Qxd6 14. Rxd6 a6 15. Bg2 Ra7 16. Rhd1 Rc7 17. Ng1 Nbd7 18. Nge2 Nc5 19. g5 Nh5 20. Bf3 b4 21. Nb1 Bxh3 22. Bxh5 gxh5 23. f3 Re6 24. Ng3 Rxd6 25. Rxd6 Ne6 26. Nxh5+ Kg6 27. Nf6 h5 28. Nd7 Kxg5 29. Nxe5 Kf4 30. Nd3+ Kxf3 31. Nd2+ Kg3 32. Nxb4 Bg2 33. Rd3+ Kg4 34. Nc4 Bxe4 35. Re3 f5 36. Nd2 Kf4 37. Rh3 Kg4 38. Re3 Ng5 39. Nxa6 Rh7 40. Nc5 Bg2 41. Nd3 h4 42. Nf2+ Kf4 43. Nc4 Bf1 44. Rc3 Bxc4 45. Rxc4+ Kg3 46. Nd1 h3 47. Ne3 Kf2 48. Nd1+ Ke2 49. Rf4 Ne4 0-1

[Event "VI Sunway Sitges Open 2019"]
[Site "Sitges"]
[Date "2019.12.16"]
[Round "4.52"]
[White "Yaniv, Ori"]
[Black "Karthik Rajaa"]
[Result "1/2-1/2"]
[ECO "B12"]
[WhiteElo "2046"]
[BlackElo "2212"]
[Annotator "NA"]
[PlyCount "63"]
[EventDate "2019.12.13"]
[EventType "swiss"]
[EventCountry "ESP"]
[SourceTitle "playchess.com"]
[Source "ChessBase"]
[SourceQuality "1"]
[TimeControl "40/5400+30:1800+30"]

1. e4 c6 2. d4 d5 3. e5 Bf5 4. h4 h5 5. Bd3 Bxd3 6. Qxd3 e6 7. Bg5 Qb6 8. Nd2 Qa6 9. c4 Bb4 10. b3 Ne7 11. Ngf3 Nd7 12. O-O Nf5 13. Qc2 O-O 14. a3 Bxd2 15. Bxd2 dxc4 16. bxc4 Nb6 17. Rfc1 Rfd8 18. Be3 Qa4 19. Qxa4 Nxa4 20. Rab1 c5 21. Bg5 Nxd4 22. Bxd8 Ne2+ 23. Kf1 Nxc1 24. Be7 Nd3 25. Rxb7 Nb6 26. Ke2 Nb2 27. Bxc5 N2xc4 28. Bd6 Na5 29. Rc7 Nd5 30. Rd7 Nb6 31. Rc7 Nd5 32. Rd7 1/2-1/2

[Event "VI Sunway Sitges Open 2019"]
[Site "Sitges"]
[Date "2019.12.16"]
[Round "4.53"]
[White "Rathina Sabapathi A"]
[Black "Medar, Marti"]
[Result "1-0"]
[ECO "B13"]
[WhiteElo "1759"]
[BlackElo "1995"]
[Annotator "NA"]
[PlyCount "85"]
[EventDate "2019.12.13"]
[EventType "swiss"]
[EventCountry "ESP"]
[SourceTitle "playchess.com"]
[Source "ChessBase"]
[SourceQuality "1"]
[TimeControl "40/5400+30:1800+30"]

1. d4 Nf6 2. Nf3 c5 3. e3 cxd4 4. exd4 d5 5. Bd3 Nc6 6. O-O Bg4 7. c3 e6 8. Qb3 Qc7 9. Ne5 Bd6 10. f4 Bf5 11. Bxf5 exf5 12. Na3 a6 13. Be3 O-O 14. Nb1 b5 15. Nd2 Na5 16. Qc2 g6 17. Rfc1 Nh5 18. g3 Rfe8 19. b4 Nc4 20. Ndxc4 dxc4 21. a4 Qb7 22. Qg2 Qxg2+ 23. Kxg2 Nf6 24. Kf3 Nd5 25. Bd2 f6 26. Nc6 Rec8 27. axb5 axb5 28. Na7 Rcb8 29. Ra5 Nc7 30. Rca1 Rb7 31. Be3 Re8 32. Nc6 h6 33. Ra7 Rxa7 34. Rxa7 g5 35. Rb7 g4+ 36. Kf2 Nd5 37. Bd2 Nc7 38. Na7 Ra8 39. Nxb5 Ne8 40. Ke3 Ra1 41. Rb6 Be7 42. d5 Rf1 43. d6 1-0

[Event "VI Sunway Sitges Open 2019"]
[Site "Sitges"]
[Date "2019.12.16"]
[Round "4.54"]
[White "Stroup, James Howard"]
[Black "Bonnaffe, Xavier"]
[Result "1/2-1/2"]
[ECO "D02"]
[WhiteElo "1402"]
[BlackElo "1556"]
[Annotator "NA"]
[PlyCount "72"]
[EventDate "2019.12.13"]
[EventType "swiss"]
[EventCountry "ESP"]
[SourceTitle "playchess.com"]
[Source "ChessBase"]
[SourceQuality "1"]
[TimeControl "40/5400+30:1800+30"]

1. d4 d5 2. Bf4 Nf6 3. e3 c5 4. Nf3 Nc6 5. c3 Qb6 6. Qc1 Bf5 7. Nbd2 Rc8 8. Nh4 Bg6 9. Nxg6 hxg6 10. Bd3 Nh5 11. Bg5 cxd4 12. cxd4 e6 13. Qc2 Be7 14. Bxe7 Nxe7 15. Qa4+ Nc6 16. Qb3 Qxb3 17. Nxb3 Nb4 18. Kd2 Nxd3 19. Kxd3 b6 20. Rac1 Kd7 21. Nd2 Nf6 22. Rxc8 Rxc8 23. h3 Ne4 24. Nxe4 dxe4+ 25. Kd2 Kd6 26. Rc1 Rxc1 27. Kxc1 Kd5 28. Kc2 a5 29. a3 b5 30. Kc3 g5 31. b3 g6 32. Kd2 f6 33. Kc2 b4 34. a4 f5 35. Kd2 e5 36. dxe5 Kxe5 1/2-1/2

[Event "VI Sunway Sitges Open 2019"]
[Site "Sitges"]
[Date "2019.12.17"]
[Round "5.1"]
[White "Praggnanandhaa R"]
[Black "Korobov, Anton"]
[Result "0-1"]
[ECO "B91"]
[WhiteElo "2586"]
[BlackElo "2668"]
[Annotator "RC"]
[PlyCount "134"]
[EventDate "2019.12.13"]
[EventType "swiss"]
[EventCountry "ESP"]
[SourceTitle "playchess.com"]
[Source "ChessBase"]
[SourceQuality "1"]
[TimeControl "40/5400+30:1800+30"]

1. e4 c5 2. Nf3 d6 3. d4 cxd4 4. Nxd4 Nf6 5. Nc3 a6 6. g3 e5 7. Nde2 Nbd7 8. a4 Be7 9. Bg2 O-O 10. O-O b6 11. h3 h5 12. Nd5 Nxd5 13. Qxd5 Rb8 14. Nc3 h4 15. gxh4 Nc5 16. Be3 Be6 17. Qd2 Bxh4 18. f4 exf4 19. Bxf4 Nb7 20. Qe3 Bf6 21. Rad1 Qc7 22. Qg3 Be5 23. Bxe5 dxe5 24. h4 Rbd8 25. h5 Kh7 26. Bh3 Rxd1 27. Rxd1 Nc5 28. Rd2 Qc8 29. Rg2 Rg8 30. Bxe6 Qxe6 31. Qg5 a5 32. Kh2 Kh8 33. Qh4 Qh6 34. Nd5 Ne6 35. Ne7 Re8 36. Nf5 Qf4+ 37. Qxf4 exf4 38. b3 Kh7 39. Rd2 Ng5 40. Rg2 f6 41. Re2 Nxe4 42. Nd4 Re5 43. Kh3 Nc3 44. Rf2 Rxh5+ 45. Kg4 Re5 46. Nc6 Rc5 47. Ne7 g6 48. Rxf4 Kg7 49. Rd4 Rc7 50. Rd3 Rxe7 51. Rxc3 g5 52. Kh5 Kf7 53. Rc4 Re3 54. Rc7+ Ke6 55. Kg6 Kd6 56. Rb7 Kc6 57. Rf7 Rf3 58. Kh5 Rf4 59. c3 g4 60. Kh4 f5 61. Rf8 Kd5 62. b4 Ke4 63. bxa5 bxa5 64. c4 Kf3 65. c5 g3+ 66. Kh3 g2 67. Rg8 Rg4 0-1

[Event "VI Sunway Sitges Open 2019"]
[Site "Sitges"]
[Date "2019.12.17"]
[Round "5.2"]
[White "Sethuraman, S.P."]
[Black "Narayanan.S.L"]
[Result "0-1"]
[ECO "B23"]
[WhiteElo "2638"]
[BlackElo "2626"]
[Annotator "ChessBase"]
[PlyCount "58"]
[EventDate "2019.12.13"]
[EventType "swiss"]
[EventCountry "ESP"]
[SourceTitle "playchess.com"]
[Source "ChessBase"]
[SourceQuality "1"]
[TimeControl "40/5400+30:1800+30"]

1. e4 c5 2. Nc3 d6 3. d4 cxd4 4. Qxd4 Nc6 5. Qd2 g6 6. b3 Bh6 7. f4 Nf6 8. Bb2 e5 9. g3 O-O 10. O-O-O Re8 11. Kb1 Nd4 12. Bg2 Bg4 13. Re1 a5 14. h3 Bd7 15. Nf3 Nb5 16. Qd3 Nxc3+ 17. Bxc3 Qc7 18. Bd2 Bg7 19. g4 exf4 20. Bxf4 Nxe4 21. Rxe4 Rxe4 22. Qxe4 Qc3 23. Kc1 Bb5 24. Qxb7 Rc8 25. Ne1 Re8 26. Be4 Qa1+ 27. Kd2 Bc3+ 28. Ke3 Qd1 29. Nd3 Qxh1 {[%emt 0:00:29] Kd4} 0-1

[Event "VI Sunway Sitges Open 2019"]
[Site "Sitges"]
[Date "2019.12.17"]
[Round "5.3"]
[White "Donchenko, Alexander"]
[Black "Li, Di"]
[Result "1/2-1/2"]
[ECO "D87"]
[WhiteElo "2644"]
[BlackElo "2543"]
[Annotator "ChessBase"]
[PlyCount "61"]
[EventDate "2019.12.13"]
[EventType "swiss"]
[EventCountry "ESP"]
[SourceTitle "playchess.com"]
[Source "ChessBase"]
[SourceQuality "1"]
[TimeControl "40/5400+30:1800+30"]

1. d4 Nf6 2. c4 g6 3. Nc3 d5 4. cxd5 Nxd5 5. e4 Nxc3 6. bxc3 Bg7 7. Bc4 c5 8. Ne2 Nc6 9. Be3 O-O 10. O-O Bg4 11. f3 Bd7 12. Rc1 Rc8 13. Qd2 Qa5 14. Qb2 b5 15. Qxb5 Qxb5 16. Bxb5 Nxd4 17. Nxd4 Bxd4 18. cxd4 Bxb5 19. Rfd1 cxd4 20. Bxd4 a6 21. Kf2 f6 22. Ke3 h5 23. e5 Kf7 24. h4 Rfd8 25. Rxc8 Rxc8 26. exf6 exf6 27. Rd2 Re8+ 28. Kf2 Rd8 29. Bc3 Rxd2+ 30. Bxd2 Bc4 31. a3 1/2-1/2

[Event "VI Sunway Sitges Open 2019"]
[Site "Sitges"]
[Date "2019.12.17"]
[Round "5.4"]
[White "Erigaisi Arjun"]
[Black "Tabatabaei, M.amin"]
[Result "1/2-1/2"]
[ECO "C47"]
[WhiteElo "2544"]
[BlackElo "2635"]
[Annotator "ChessBase"]
[PlyCount "75"]
[EventDate "2019.12.13"]
[EventType "swiss"]
[EventCountry "ESP"]
[SourceTitle "playchess.com"]
[Source "ChessBase"]
[SourceQuality "1"]
[TimeControl "40/5400+30:1800+30"]

1. e4 e5 2. Nf3 Nc6 3. d4 exd4 4. Nxd4 Nf6 5. Nxc6 bxc6 6. Bd3 d5 7. Nc3 Bb4 8. exd5 O-O 9. O-O cxd5 10. Bg5 c6 11. Qf3 Be7 12. h3 h6 13. Bf4 Bd6 14. Rfe1 Rb8 15. b3 Be6 16. Ne2 c5 17. Rad1 Re8 18. Bxd6 Qxd6 19. Nf4 Rbd8 20. Re2 g5 21. Nxe6 Rxe6 22. g3 Rxe2 23. Qxe2 Re8 24. Qd2 Qe6 25. h4 gxh4 26. Qxh6 hxg3 27. Kg2 gxf2 28. Rh1 f1=Q+ 29. Kxf1 Qe1+ 30. Kg2 Re2+ 31. Bxe2 Qxe2+ 32. Kg1 Qd1+ 33. Kg2 Qxc2+ 34. Kh3 Qd3+ 35. Kg2 Qe2+ 36. Kg1 Qe1+ 37. Kg2 Qe2+ 38. Kg1 1/2-1/2

[Event "VI Sunway Sitges Open 2019"]
[Site "Sitges"]
[Date "2019.12.17"]
[Round "5.5"]
[White "Vocaturo, Daniele"]
[Black "Moradiabadi, Elshan"]
[Result "1/2-1/2"]
[ECO "C54"]
[WhiteElo "2627"]
[BlackElo "2539"]
[Annotator "ChessBase"]
[PlyCount "119"]
[EventDate "2019.12.13"]
[EventType "swiss"]
[EventCountry "ESP"]
[SourceTitle "playchess.com"]
[Source "ChessBase"]
[SourceQuality "1"]
[TimeControl "40/5400+30:1800+30"]

1. e4 e5 2. Nf3 Nc6 3. Bc4 Bc5 4. c3 Nf6 5. d4 exd4 6. e5 d5 7. Bb5 Ne4 8. cxd4 Bb6 9. Nc3 O-O 10. Be3 Bg4 11. h3 Bh5 12. Qc2 Bxf3 13. gxf3 Ng5 14. O-O-O Nxf3 15. Bxc6 bxc6 16. Qe2 Nh4 17. Rhg1 Qd7 18. Bg5 Ng6 19. h4 f6 20. exf6 Rae8 21. Qd2 Rf7 22. fxg7 Ne7 23. Bxe7 Rexe7 24. h5 Rxg7 25. h6 Rg6 26. Ne2 Qf5 27. Ng3 Qf6 28. Nh5 Qxd4 29. Rxg6+ hxg6 30. Qc2 Qc5 31. Nf6+ Kf7 32. h7 Qxc2+ 33. Kxc2 Kg7 34. Rg1 Kh8 35. Rxg6 Rg7 36. Rxg7 Kxg7 37. f3 Bd4 38. Nd7 c5 39. b3 c4 40. bxc4 dxc4 41. a4 Kxh7 42. Nf8+ Kg8 43. Ne6 Bb6 44. Kc3 Kf7 45. Nf4 Ke7 46. Nd5+ Kd6 47. Kxc4 c6 48. Nb4 a5 49. Nd3 Be3 50. Nb2 Bc1 51. Nd1 Bg5 52. Nf2 Be3 53. Nd3 Bb6 54. f4 Ke6 55. Ne5 Bc7 56. Nxc6 Bxf4 57. Nxa5 Bd2 58. Kb5 Bxa5 59. Kxa5 Kd7 60. Kb6 1/2-1/2

[Event "VI Sunway Sitges Open 2019"]
[Site "Sitges"]
[Date "2019.12.17"]
[Round "5.7"]
[White "Narayanan, Srinath"]
[Black "Gareyev, Timur"]
[Result "1/2-1/2"]
[ECO "C47"]
[WhiteElo "2529"]
[BlackElo "2598"]
[Annotator "ChessBase"]
[PlyCount "61"]
[EventDate "2019.12.13"]
[EventType "swiss"]
[EventCountry "ESP"]
[SourceTitle "playchess.com"]
[Source "ChessBase"]
[SourceQuality "1"]
[TimeControl "40/5400+30:1800+30"]

1. e4 e5 2. Nf3 Nc6 3. Nc3 Nf6 4. d4 exd4 5. Nxd4 Bb4 6. Nxc6 bxc6 7. Bd3 d5 8. exd5 Qe7+ 9. Qe2 Qxe2+ 10. Kxe2 cxd5 11. Bg5 c6 12. Rhd1 Ng4 13. Bf4 O-O 14. Kf1 f6 15. h3 Ne5 16. Be2 Ng6 17. Be3 f5 18. Na4 f4 19. Bc5 Bxc5 20. Nxc5 Nh4 21. f3 Nf5 22. Kf2 Ne3 23. Rd2 Bf5 24. g4 Bg6 25. Rc1 Rfe8 26. Rd4 Nxc2 27. Rxf4 Rab8 28. b3 Nb4 29. a3 Na2 30. Re1 Nc3 31. Ba6 1/2-1/2

[Event "VI Sunway Sitges Open 2019"]
[Site "Sitges"]
[Date "2019.12.17"]
[Round "5.8"]
[White "Aroshidze, Levan"]
[Black "Santos Latasa, Jaime"]
[Result "0-1"]
[ECO "B80"]
[WhiteElo "2514"]
[BlackElo "2585"]
[Annotator "ChessBase"]
[PlyCount "90"]
[EventDate "2019.12.13"]
[EventType "swiss"]
[EventCountry "ESP"]
[SourceTitle "playchess.com"]
[Source "ChessBase"]
[SourceQuality "1"]
[TimeControl "40/5400+30:1800+30"]

1. e4 c5 2. Nf3 d6 3. d4 cxd4 4. Nxd4 Nf6 5. Nc3 a6 6. f3 e6 7. Be3 b5 8. Qd2 Nbd7 9. g4 b4 10. Nce2 h6 11. O-O-O Qc7 12. h4 d5 13. Bf4 e5 14. Bh2 dxe4 15. g5 hxg5 16. hxg5 Rxh2 17. Rxh2 exd4 18. Rh8 Nd5 19. Qxd4 Bb7 20. fxe4 N5b6 21. Qxb4 O-O-O 22. Qd4 Qc5 23. Kb1 Qxg5 24. Bh3 Kc7 25. Qc3+ Bc6 26. Bxd7 Rxd7 27. Rxd7+ Nxd7 28. a3 Qc5 29. Qd3 Bb5 30. Qd1 Bd6 31. Nc3 Bc6 32. Qf1 Be5 33. Rh3 Nf6 34. Rf3 Qb6 35. Qc4 Kb8 36. Qxf7 Nxe4 37. Qf8+ Ka7 38. Rf7+ Bb7 39. Na4 Qd4 40. Qe7 Nd6 41. Rf1 g5 42. Nc3 Ne4 43. Rf7 Nxc3+ 44. bxc3 Qb6+ 45. Kc1 Bf4+ 0-1